 Dungeon Crawl Stone Soup version 0.24-a0-269-g32ec7ca (webtiles) character file.

Game seed: 12707945391683090455

84 gruber the Conjurer (level 4, -3/27 HPs)
             Began as an Octopode Conjurer on Apr 22, 2019.
             Slain by Sigmund
             ... wielding a +0 scythe
              (12 damage)
             ... on level 2 of the Dungeon.
             The game lasted 00:03:50 (1923 turns).

gruber the Conjurer (Octopode Conjurer)             Turns: 1923, Time: 00:03:51

Health: -3/27      AC:  1    Str:  7    XL:     4   Next: 46%
Magic:  1/7        EV: 13    Int: 18    God:
Gold:   83         SH:  3    Dex: 12    Spells: 1/7 levels left

rFire    . . .     SeeInvis .   (no weapon)
rCold    . . .     Gourm    .   (no shield)
rNeg     . . .     Faith    .   (helmet restricted)
rPois    .         Spirit   .   h - +3 amulet of reflection
rElec    .         Reflect  +   (no ring)
rCorr    .         Harm     .   (no ring)
MR       .....                  (no ring)
Stlth    +++.......             (no ring)
HPRegen  0.09/turn              (no ring)
MPRegen  0.10/turn              (no ring)
                                (no ring)
                                (no ring)

@: no status effects
A: almost no armour, stealthy swim, amphibious, 8 rings, constrict 8, camouflage
1, gelatinous body 1
a: no special abilities


You were on level 2 of the Dungeon.
You were not hungry.

You visited 1 branch of the dungeon, and saw 2 of its levels.

You collected 83 gold pieces.

Inventory:

Missiles
 k - a throwing net (quivered)
Jewellery
 h - a +3 amulet of reflection (around mantle)
Scrolls
 a - 2 scrolls of fog {unknown}
 c - 3 scrolls of identify {unknown}
 e - a scroll of immolation {unknown}
 f - a scroll of remove curse {unknown}
 g - a scroll of enchant weapon {unknown}
 i - a scroll of magic mapping {unknown}
 j - a scroll of enchant armour {unknown}
 m - a scroll of amnesia {unknown}
Potions
 d - 3 potions of heal wounds {unknown}
Comestibles
 b - 2 rations


   Skills:
 - Level 2.0 Dodging
 - Level 2.6 Stealth
 + Level 2.3 Spellcasting
 + Level 5.6 Conjurations


You had one spell level left.
You knew the following spells:

 Your Spells              Type           Power        Failure   Level  Hunger
a - Magic Dart            Conj           ###.         1%          1    #......
b - Searing Ray           Conj           ###...       2%          2    ##.....
c - Dazzling Spray        Conj/Hex       ##....       17%         3    ###....

Your spell library contained the following spells:

 Spells                   Type           Power        Failure   Level  Hunger
 Iskenderun's Mystic Bla  Conj           ###.....     17%         4    #####..
 Force Lance              Conj/Tloc      ##......     50%         4    #####..
 Fulminant Prism          Conj/Hex       ##........   50%         4    #####..


Dungeon Overview and Level Annotations

Branches:
Dungeon (2/15)

Altars:
Zin

Annotations:
D:2 Sigmund


Innate Abilities, Weirdness & Mutations

You cannot wear most types of armour.
You are very stealthy in the water. (Stealth+)
You are amphibious.
You can wear up to eight rings at the same time.
You can use your tentacles to constrict eight enemies at once.
Your skin changes colour to match your surroundings (Stealth+).
Your rubbery body absorbs attacks. (AC +1, EV +1)


Message History

Aiming: Magic Dart (safe; 1% risk of failure)
Press: ? - help, Shift-Dir - straight line The magic dart hits something.
Unknown command.
Unknown command.
Casting: Magic Dart (safe; 1% risk of failure)
Confirm with . or Enter, or press ? or * to list all spells.
Aiming: Magic Dart (safe; 1% risk of failure)
Press: ? - help, Shift-Dir - straight line The magic dart hits something.
Something hits you!
Unknown command.
Unknown command.
You aren't carrying any items that you can evoke.
Unknown command.
You block something's attack.
You barely miss something. You closely miss something. You squeeze something!
Something completely misses you.
You barely miss something. Your squeeze misses something. Something hits you!
You die...

....... +. .......
# #. ....... #. #.
%......
##.#########.
.......
..........#.
.......########
#........#.
#..@......#
#........#.
#########{#
#........#. #@#
#######'#..)# #.#
#.......#...)
#.####.#######...#
#......# #...#
######## #...#
#...# #...# #...#


There were no monsters in sight!

Vanquished Creatures
  Jessica (D:2)
  An adder (D:2)
  An ooze (D:1)
  A worm (D:2)
  2 dart slugs (D:1)
  3 leopard geckos
  A ball python (D:2)
  2 giant cockroaches
  6 goblins
  3 hobgoblins
  4 kobolds
  2 bats
  6 frilled lizards
  5 rats
38 creatures vanquished.

Notes
Turn   | Place    | Note
-------+----------+-------------------------------------------
     0 | D:1      | gruber the Octopode Conjurer began the quest for the Orb.
     0 | D:1      | Reached XP level 1. HP: 11/11 MP: 3/3
   367 | D:1      | Reached XP level 2. HP: 17/17 MP: 0/5
   829 | D:1      | Reached XP level 3. HP: 18/21 MP: 0/6
  1182 | D:2      | Noticed Jessica
  1201 | D:1      | Learned a level 2 spell: Searing Ray
  1205 | D:1      | Learned a level 3 spell: Dazzling Spray
  1266 | D:2      | Reached skill level 5 in Conjurations
  1652 | D:2      | Reached XP level 4. HP: 27/27 MP: 2/7
  1747 | D:2      | Found a glowing silver altar of Zin.
  1790 | D:2      | Killed Jessica
  1901 | D:2      | Noticed Sigmund
  1923 | D:2      | Slain by Sigmund

Levels and vault maps discovered:
D:1:      dpeg_arrival_pond, layout_loops_ring
D:2:      layout_basic, zin_statuary, serial_park_tiny_1, st_stairs_11,
          uniq_jessica, uniq_sigmund

Skill      XL: |  1  2  3 |
---------------+----------+-----
Conjurations   | 5 |  5.6
Dodging        | |  2.0
Stealth        | |  2.6
Spellcasting   | |  2.3

Action                   |  1- 3 |  4- 6 || total
-------------------------+-------+-------++-------
Melee: Unarmed           |    34 |     3 ||    37
       Constrict         |     7 |       ||     7
       Tentacles         |     3 |     1 ||     4
 Cast: Magic Dart        |    52 |    10 ||    62
       Searing Ray       |       |     1 ||     1
 Stab: Sleeping          |     3 |       ||     3
  Eat: Chunk             |     2 |     2 ||     4
Armor: Skin              |     4 |       ||     4
Dodge: Dodged            |    27 |     2 ||    29
Block: Other             |     1 |     1 ||     2

Table legend:
 A = Non-vault XP
 B = Vault XP
 C = Vault XP percentage of total XP
 D = Non-vault monster count
 E = Vault monster count
 F = Vault count percentage of total count
                 A         B        C        D         E       F
            +---------+---------+-------+---------+---------+-------
      Total |      74 |      47 |  38.8 |      33 |       5 |  13.2
            +---------+---------+-------+---------+---------+-------
        D:1 |      42 |       0 |   0.0 |      20 |       0 |   0.0
        D:2 |      32 |      47 |  59.5 |      13 |       5 |  27.8
            +---------+---------+-------+---------+---------+-------
